 Dungeon Crawl Stone Soup version 0.26-a0-1184-g95e395e029 (webtiles) character file.

Game seed: 14085693112613452731

1722 Loops the Sneak (level 9, -11/81 HPs)
             Began as a Naga Abyssal Knight on Dec 27, 2020.
             Was a Priest of Lugonu.
             Mangled by skk's ghost (15 damage)
             ... on level 7 of the Dungeon.
             The game lasted 00:25:47 (6393 turns).

Loops the Sneak (Naga Abyssal Knight)               Turns: 6393, Time: 00:25:49

Health: -11/81     AC:  8    Str: 15    XL:     9   Next: 4%
Magic:  10/10      EV: 11    Int: 13    God:    Lugonu [***...]
Gold:   328        SH:  0    Dex: 13    Spells: 8/8 levels left

rFire    . . .     SeeInvis +   f - +3 dagger (distort)
rCold    . . .     Faith    .   (no shield)
rNeg     . . .     Spirit   .   b - +3 leather armour
rPois    +         Reflect  .   (no helmet)
rElec    .         Harm     .   (no cloak)
rCorr    .         Rampage  .   (no gloves)
Will     ++...     Clarity  +   (no barding)
Stlth    +++.......             (no amulet)
HPRegen  0.23/turn              o - ring of poison resistance
MPRegen  0.12/turn              (no ring)

@: about to teleport, very slow
A: large, see invisible, clarity, deformed body, strong-willed 1, poison
resistance, slowness 2, spit poison 1, AC +3
a: Spit Poison, Renounce Religion, Depart the Abyss, Bend Space, Banish


You were on level 7 of the Dungeon.
You worshipped Lugonu.
Lugonu was most pleased with you.
You visited 2 branches of the dungeon, and saw 8 of its levels.
You visited the Abyss 1 time.

You collected 328 gold pieces.

Inventory:

Hand Weapons
 a - a +1 falchion
 f - a +3 dagger of distortion (weapon)
 j - a +2 shortbow of freezing
 u - a +1 whip of holy wrath
Missiles
 t - 64 arrows
Armour
 b - a +3 leather armour (worn)
 c - a +1 ring mail of fire resistance
Jewellery
 o - a ring of poison resistance (left hand)
Wands
 k - a wand of acid (5)
 l - a wand of random effects (25)
Scrolls
 g - 3 scrolls of amnesia
 i - a scroll of fog
 m - a scroll of identify
 p - a scroll of remove curse
 r - a scroll of enchant armour
Potions
 d - a potion of ambrosia
 h - a potion of curing
 n - 3 potions of flight
 s - 2 potions of might {unknown}
 v - 2 potions of magic
 w - a potion of degeneration {unknown}


   Skills:
 + Level 5.3 Fighting
 + Level 5.2(5.5) Short Blades
 + Level 2.3(4.1) Long Blades
 + Level 4.7 Armour
 + Level 3.9 Dodging
 + Level 7.1 Stealth
 + Level 2.2 Invocations


You had 8 spell levels left.
You didn't know any spells.
Your spell library contained the following spells:

 Spells                   Type           Power        Failure   Level
 Animate Skeleton         Necr           0%           36%         1
 Pain                     Necr           0%           36%         1
 Vampiric Draining        Necr           0%           73%         3
 Animate Dead             Necr           0%           98%         4
 Agony                    Necr           0%           100%        5


Dungeon Overview and Level Annotations

Branches:
Dungeon (7/15)             Temple (1/1) D:5

Altars:
Ashenzari
Cheibriados
Dithmenos
Elyvilon
Fedhas
Gozag
Hepliaklqana
Kikubaaqudgha
Makhleb
Nemelex Xobeh
Okawaru
Ru
Trog
Uskayaw
Vehumet
Wu Jian
Xom
Yredelemnul
Zin
The Shining One

Annotations:
D:7 1 transporter, skk's ghost, novice DsFi
Abyss:1 Jessica, Terence


Innate Abilities, Weirdness & Mutations

You cannot wear boots.
Your serpentine skin is tough. (AC +3)
You have supernaturally acute eyesight. (SInv)
Armour fits poorly on your strangely shaped body.
Your system is resistant to poisons. (rPois)
You cover ground very slowly.
You can spit poison.
You possess an exceptional clarity of mind.
You are strong-willed. (Will+)


Message History

Found 29 gold pieces.
Found a stone staircase leading up.
You can't go down here!
You can't go up here!
The moth of wrath goads the gnoll sergeant on!
The gnoll sergeant goes berserk!
The moth of wrath bites you!!
The gnoll sergeant hits you with a +0 trident.
You hit the moth of wrath.
Space bends around the moth of wrath.
The moth of wrath is lightly wounded.
The gnoll sergeant hits you with a +0 trident!
The moth of wrath bites you. Skk's ghost hits you!
* * * LOW HITPOINT WARNING * * *
You writhe in agony.
* * * LOW HITPOINT WARNING * * *
As you read the scroll of teleportation, it crumbles to dust.
You feel strangely unstable. The gnoll sergeant misses you.
The moth of wrath goads the ogre on!
The ogre goes berserk!
The ogre hits you with a +0 giant spiked club!!
* * * LOW HITPOINT WARNING * * *
Skk's ghost hits you!
You die...

.... .....## .... ####
..# ..... ##...# ..##
..... ##.g.##.# #..####
...... #...C# #..#.....#
....$.##....#≈#..##....##
...<..#gOW...?....#.....#
.....©#©@yKK_$...©#©.....
####..#.##≈..$#...#..#...
#..##. #.#≈#.##..##.#
..... #. # # #.......
#... .. #.##.... #$.. #.
#.......# ##. ##
...#....## ##
......##..##. #....
##.+..


You could see a moth of wrath, a cyclops, 2 big kobolds, an ogre (berserk), 2
gnoll sergeants and skk's ghost.

Vanquished Creatures
  Sigmund (D:2)
  2 water moccasins (D:6)
  3 ice beasts (D:5)
  A centaur (D:5)
  An ogre (D:6)
  3 bullfrogs (D:6)
  A scorpion (D:6)
  A jelly (D:4)
  2 orc wizards
  3 iguanas
  3 worker ants
  12 gnolls
  5 adders
  An ooze (D:3)
  A worm (D:3)
  A dart slug (D:3)
  2 leopard geckos
  21 orcs
  6 bats
  6 giant cockroaches
  9 goblins
  6 hobgoblins
  9 jackals
  4 kobolds
  2 quokkas
  7 frilled lizards
  A leopard gecko skeleton (D:5)
  3 rats
117 creatures vanquished.

Vanquished Creatures (others)
  5 plants (D:7)
5 creatures vanquished.

Grand Total: 122 creatures vanquished

Notes
Turn   | Place    | Note
-------+----------+-------------------------------------------
     0 | Abyss:1  | Loops the Naga Abyssal Knight began the quest for the Orb.
     0 | Abyss:1  | Reached XP level 1. HP: 21/21 MP: 2/2
    33 | Abyss:1  | Found a corrupted altar of Lugonu.
    40 | Abyss:1  | Noticed an orange demon
    41 | D:1      | Escaped the Abyss
   386 | D:1      | Reached XP level 2. HP: 25/28 MP: 3/3
  1199 | D:2      | Reached * piety under Lugonu
  1218 | D:2      | Noticed Sigmund
  1220 | D:2      | Noticed Terence
  1560 | D:2      | Reached XP level 3. HP: 16/34 MP: 4/4
  1635 | D:2      | Reached skill level 1 in Short Blades
  1635 | D:2      | Reached skill level 1 in Dodging
  1723 | D:2      | Noticed Jessica
  1725 | D:2      | Banished Jessica
  1726 | D:2      | Reached XP level 4. HP: 43/43 MP: 5/5
  1846 | D:2      | Reached XP level 5. HP: 31/50 MP: 6/6
  2190 | D:2      | Banished Terence
  2311 | D:2      | Killed Sigmund
  2312 | D:2      | Reached skill level 1 in Stealth
  2312 | D:2      | Reached XP level 6. HP: 31/57 MP: 7/7
  2549 | D:2      | Gained mutation: You are strong-willed. (Will+) [potion of
                  | mutation]
  2549 | D:2      | Gained mutation: You possess an exceptional clarity of
                  | mind. [potion of mutation]
  2588 | D:3      | Reached skill level 2 in Stealth
  3336 | D:3      | Reached ** piety under Lugonu
  4026 | D:4      | Reached XP level 7. HP: 44/64 MP: 8/8
  4320 | D:4      | Found a white marble altar of Elyvilon.
  4487 | D:5      | Entered Level 5 of the Dungeon
  4586 | D:5      | Found a glowing golden altar of the Shining One.
  4641 | D:5      | Found a sparkling altar of Nemelex Xobeh.
  4760 | D:5      | Found a staircase to the Ecumenical Temple.
  4763 | D:5      | Reached skill level 3 in Stealth
  4816 | D:5      | Reached skill level 4 in Stealth
  4853 | Temple   | Entered the Ecumenical Temple
  5258 | D:5      | Reached XP level 8. HP: 73/73 MP: 9/9
  5606 | D:6      | Reached skill level 5 in Stealth
  5622 | D:6      | Reached *** piety under Lugonu
  5688 | D:6      | Reached skill level 5 in Fighting
  5811 | D:6      | Found an opulent altar of Gozag.
  5823 | D:6      | Reached skill level 6 in Stealth
  5970 | D:6      | Reached skill level 5 in Short Blades
  6076 | D:6      | Reached skill level 7 in Stealth
  6076 | D:6      | Reached XP level 9. HP: 63/81 MP: 10/10
  6382 | D:7      | Found a transporter.
  6383 | D:7      | Found a transporter.
  6389 | D:7      | Found a bloodstained altar of Trog.
  6390 | D:7      | Noticed a cyclops
  6390 | D:7      | Noticed a moth of wrath
  6390 | D:7      | Noticed skk's ghost (novice DsFi)
  6393 | D:7      | HP: 4/81 [ogre/+0 giant spiked club (19)]
  6393 | D:7      | Mangled by skk's ghost

Illustrated notes

Levels and vault maps discovered:
D:1:      dpeg_cavernosity, layout_basic
D:2:      layout_basic, minmay_fractal_squares_gapless_5, uniq_sigmund,
          uniq_terence, uniq_jessica
D:3:      layout_basic
D:4:      layout_basic, lemuel_crystal_altar, nicolae_overflow_hidden_temple,
          minmay_misc_feat_diagonals, st_stairs_7
D:5:      layout_basic, minmay_temple_entry_crystal_x, basic_altar,
          tso_metal_star
D:6:      layout_rooms, nicolae_gozag_cash_rules_everything_around_me,
          hangedman_decor_lopped
D:7:      layout_cave_pools, gammafunk_ghost_wrathful_warriors, serial_shops,
          nicolae_shop_behind_doors, serial_bayou_lagoon_a, grunt_ministairs_14,
          elyvilon_altar_1
Temple:   dpeg_five_rooms_temple

Skill      XL: |  1  2  3  4  5  6  7  8 |
---------------+-------------------------+-----
Armour         | 2 3 4 |  4.7
Short Blades   | 1 2 4 5 |  5.2
Dodging        | 1 2 3 |  3.9
Fighting       | 4 5 |  5.3
Stealth        | 1 2 4 7 |  7.1
Long Blades    | |  2.3
Invocations    | |  2.2

Action                   |  1- 3 |  4- 6 |  7- 9 || total
-------------------------+-------+-------+-------++-------
Melee: Dagger            |    92 |   153 |   176 ||   421
Invok: Depart the Abyss  |     1 |       |       ||     1
 Abil: Spit Poison       |       |     1 |       ||     1
  Use: Scroll            |     7 |     3 |     8 ||    18
       Potion            |     6 |     3 |     2 ||    11
 Stab: Sleeping          |       |     1 |    13 ||    14
       Distracted        |       |       |     1 ||     1
Armor: Leather armour    |    36 |    29 |    42 ||   107
Dodge: Dodged            |    47 |    90 |    67 ||   204

Table legend: (Time is in decaauts)
 A = Elapsed time spent in this place.
 B = Non-inter-level travel time spent in this place.
 C = Inter-level travel time spent in this place.
 D = Time resting spent in this place.
 E = Time spent auto-exploring this place.
 F = Levels seen in this place.
 G = Mean time per level.
                   A        B        C        D        E       F      G
               +--------+--------+--------+--------+--------+-----+--------+
         Total |   7972 |   7137 |    835 |      0 |   4799 |   9 |  885.8 |
       Dungeon |   7551 |   6818 |    733 |      0 |   4554 |   7 | 1078.7 |
        Temple |    365 |    263 |    102 |      0 |    244 |   1 |  365.0 |
         Abyss |     55 |     55 |      0 |      0 |      0 |   1 |   55.0 |
               +--------+--------+--------+--------+--------+-----+--------+

Top non-repeatable levels by time:
     D:1: 1860 daAuts
     D:2: 1650 daAuts
     D:3: 1461 daAuts
     D:5: 1056 daAuts
     D:6: 892 daAuts
     D:4: 586 daAuts
  Temple: 365 daAuts
 Abyss:1: 55 daAuts
     D:7: 43 daAuts
